Match 46084997
Unlisted

Match 46084997
End
Panzergrenadier Squad
Kradschützen Motorcycle Team
Panzergrenadier Squad
Construct Light Support Kompanie
Panzerjäger Squad
2.5-tonne Medical Truck
Panzerpioneer Squad
Fire Support Elements
le.IG 18 Mechanized Group
Construct Panzerarmee Kommand
Tungsten Core Ammunition
Pak 38 Anti-tank Gun Team
Selects Italian Infantry
Selects Defensive Operations
Selects Prepared Positions
Panzer III L Medium Tank
2.5-tonne Medical Truck
Selects Guastatori Squad
Selects Registered Artillery
Registered Artillery
Panzerjäger Squad
Walking Stuka Rocket Launcher
Panzer III L Medium Tank
Emergency Repair Kits
Panzer III L Medium Tank
Registered Artillery
Panzer III L Medium Tank
Panzerpioneer Squad
Guastatori Squad
Selects Towed Cannone da 105/28 Field Howitzer
Selects Obice 305mm Barrage
Flakvierling Half-track
Towed Cannone da 105/28 Field Howitzer
Registered Artillery
Walking Stuka Rocket Launcher
Pak 38 Anti-tank Gun Team
Pak 38 Anti-tank Gun Team
Registered Artillery
UneXplain
SteveMcQueef
Morsezeichen
DMTriBorn2Party
Henk
water
Boat Goes Binted
Hirys it's Irys
0
0

Comments sign in to comment!

No comments posted yet!